 Dungeon Crawl Stone Soup version 0.21-a0-13-g3fd62ac (webtiles) character file.

81 Kareekexe the Ogre Mage (level 4, -2/44 HPs)
             Began as an Ogre Enchanter on May 23, 2017.
             Slain by an adder (5 damage)
             ... on level 2 of the Dungeon.
             The game lasted 00:05:18 (1634 turns).

Kareekexe the Ogre Mage (Ogre Enchanter)            Turns: 1634, Time: 00:05:20

Health: -2/44      AC:  3    Str: 12    XL:     4   Next: 40%
Magic:  1/8        EV: 10    Int: 17    God:
Gold:   37         SH:  0    Dex: 11    Spells: 3/9 levels left

rFire    . . .     SeeInvis .   q - +4 club
rCold    + . .     Gourm    .   (no shield)
rNeg     . . .     Faith    .   r - +0 robe {rC+}
rPois    .         Spirit   .   (helmet restricted)
rElec    .         Reflect  .   (no cloak)
rCorr    .         Harm     .   (gloves unavailable)
MR       .....                  (boots unavailable)
Stlth    ++........             (no amulet)
Regen    0.2/turn               h - ring of flight
MPRegen  0.2/turn               j - +2 ring of dexterity

@: lethally poisoned (-2 -> -10)
A: unfitting armour, tough skin 1
a: Evoke Flight


You were on level 2 of the Dungeon.
You were hungry.

You visited 1 branch of the dungeon, and saw 2 of its levels.

You collected 37 gold pieces.

Inventory:

Hand Weapons
 q - a +4 club (weapon)
Armour
 b - a +0 robe
 r - a +0 robe of cold resistance (worn)
Jewellery
 a - an uncursed ring of see invisible {unknown}
 h - a ring of flight (left hand)
 j - a +2 ring of dexterity (right hand)
 n - an uncursed ring of poison resistance {unknown}
Scrolls
 e - a scroll of enchant weapon {unknown}
Potions
 o - a potion of haste {unknown}
Books
 c - a book of Maledictions

   Spells                             Type                      Level
   a - Corona                         Hexes                        1
   b - Ensorcelled Hibernation        Hexes/Ice                    2
   c - Confuse                        Hexes                        3
   d - Tukima's Dance                 Hexes                        3
   e - Dazzling Spray                 Conjuration/Hexes            3
Comestibles
 d - a bread ration
 i - 3 fruits
 k - a meat ration
 p - a chunk of flesh


   Skills:
 + Level 2.3 Fighting
   Level 0.6 Short Blades
 + Level 0.5 Maces & Flails
 + Level 2.1 Dodging
 + Level 2.4 Stealth
 + Level 3.2 Spellcasting
 + Level 3.1 Hexes


You had 3 spell levels left.
You knew the following spells:

 Your Spells              Type           Power        Failure   Level  Hunger
a - Corona                Hex            ##.....      4%          1    None
b - Ensorcelled Hibernat  Hex/Ice        #.....       14%         2    ##.....
c - Confuse               Hex            ##......     14%         3    ###....


Dungeon Overview and Level Annotations

Branches:
Dungeon (2/15)

Altars:


Innate Abilities, Weirdness & Mutations

You are too large for most types of armour.
You have tough skin. (AC +1)


Message History

Confirm with . or Enter, or press ? or * to list all spells.
Aiming: Confuse
Press: ? - help, Shift-Dir - straight line, f/p - adder
Aim: an adder (chance to defeat MR: 52%)
The adder resists with significant effort.
* * * LOW HITPOINT WARNING * * *
You feel sick. The adder bites you but does no damage.
You hit the adder.
The adder is almost dead.
* * * LOW HITPOINT WARNING * * *
You feel sick. The adder closely misses you.
You hit the adder.
You kill the adder!
* * * LOW HITPOINT WARNING * * *
You feel sick. The adder misses you.
You hit the adder.
The adder is moderately wounded.
* * * LOW HITPOINT WARNING * * *
You feel sick. The adder barely misses you. The adder bites you.
You die...

. .... ..[... ....
.........# .... ........#
..# #######....... ...
#....##...##.######.###..
#....##...##..@S.........
#....##....†#####........
#....##.....#............
#....##.....#......S.....
#...........#.......#....
#...†................)...
####.....................
#............#........
######.....###............


You could see an adder.

Vanquished Creatures
  Jessica (D:2)
  An adder (D:2)
  2 dart slugs (D:1)
  A leopard gecko (D:1)
  3 bats
  2 giant cockroaches
  7 goblins (D:1)
  7 hobgoblins (D:1)
  A quokka (D:2)
  3 ball pythons (D:1)
  A frilled lizard (D:2)
  3 kobolds (D:1)
  6 rats (D:1)
38 creatures vanquished.

Notes
Turn   | Place    | Note
-------+----------+-------------------------------------------
     0 | D:1      | Kareekexe the Ogre Enchanter began the quest for the Orb.
     0 | D:1      | Reached XP level 1. HP: 16/16 MP: 3/3
   122 | D:1      | Reached skill level 1 in Fighting
   131 | D:1      | Reached XP level 2. HP: 15/27 MP: 5/5
   387 | D:1      | Learned a level 2 spell: Ensorcelled Hibernation
   473 | D:1      | HP: 1/28 [hobgoblin/club (5)]
   911 | D:1      | Reached XP level 3. HP: 35/35 MP: 4/7
   916 | D:1      | Learned a level 3 spell: Confuse
  1566 | D:2      | Noticed Jessica
  1587 | D:2      | Killed Jessica
  1587 | D:2      | Reached XP level 4. HP: 29/44 MP: 5/8
  1634 | D:2      | Slain by an adder

Vault maps used:
D:1:      tarquinn_simple_flora_water_e, minmay_shallow_snake_nest
D:2:      chequers_ecumenical_altar_island, uniq_jessica

Skill      XL: |  1  2  3 |
---------------+----------+-----
Fighting       | 1 2 |  2.3
Dodging        | 2 |  2.1
Hexes          | 3 |  3.1
Spellcasting   | 3 |  3.2
Short Blades   | |  0.6
Maces & Flails | |  0.5
Stealth        | |  2.4

Action                   |  1- 3 |  4- 6 || total
-------------------------+-------+-------++-------
Melee: Dagger            |   152 |       ||   152
       Club              |       |     6 ||     6
 Cast: Corona            |     3 |       ||     3
       Ensorcelled Hiber |     7 |     4 ||    11
       Confuse           |     1 |     3 ||     4
  Use: Scroll            |       |     2 ||     2
       Potion            |       |     1 ||     1
 Stab: Sleeping          |     7 |     1 ||     8
  Eat: Chunk             |     3 |       ||     3
Armor: Robe              |    33 |     2 ||    35
Dodge: Dodged            |    73 |     7 ||    80
